General information
- name: BNet
- type: Ladder team game (AT/RT)
- host: Battle.net
- saver: Drayen'
map: Cherryville
- players: 8
- length: 67:22
- speed: Fast
- version: 1.28 W3XP
- replay type: Public
» download(652 KB)
Players
team 1 (loser)
Aranza (
red | 68 APM | 4601 actions | 67:14)
4 Demon Hunter
2 Mana Burn
2 Evasion
7 Goblin Alchemist
3 Acid Bomb
3 Chemical Rage
1 Transmute
» actions
| Assign group hotkey | 30 | |
| Basic commands | 284 | |
| Build / train | 92 | |
| ESC pressed | 3 | |
| Enter build submenu | 12 | |
| Enter hero's abilities submenu | 15 | |
| Give item / drop item | 19 | |
| Remove unit from queue | 1 | |
| Right click | 2575 | |
| Select / deselect | 1024 | |
| Select group hotkey | 331 | |
| Use ability | 208 | |
4601 total
» units
| Wisp | 25 | |
| Chimaera | 4 | |
| Goblin Zeppelin | 3 | |
32 total
» upgrades
| Strength of the Wild | 3 | |
| Reinforced Hides | 3 | |
| Corrosive Breath | 1 | |
7 total
» buildings
| Altar of Elders | 1 | |
| Moon Well | 6 | |
| Hunter's Hall | 1 | |
| Tree of Ages | 2 | |
| Tree of Eternity | 2 | |
| Ancient of Wind | 2 | |
| Chimaera Roost | 2 | |
16 total
» build order
00:08 Altar of Elders
00:18 Moon Well
01:01 Moon Well
01:44 Hunter's Hall
02:23 Tree of Ages
02:23 Tree of Ages
02:32 Moon Well
02:47 Moon Well
04:44 Tree of Eternity
04:44 Tree of Eternity
05:03 Ancient of Wind
05:21 Ancient of Wind
07:17 Chimaera Roost
07:20 Chimaera Roost
09:17 Moon Well
10:33 Moon Well
» items
| Boots of Speed | 1 | |
| Healing Salve | 8 | |
| Scroll of Healing | 1 | |
| Orb of Lightning | 3 | |
| Scroll of Town Portal | 2 | |
| Tiny Great Hall | 2 | |
| Potion of Lesser Invulnerability | 2 | |
| Lesser Clarity Potion | 4 | |
| Staff of Teleportation | 1 | |
| Scroll of Speed | 1 | |
25 total

»
TripleOG (
green | 59 APM | 4000 actions | 67:14)
8 Pandaren Brewmaster
3 Drunken Haze
3 Breath of Fire
1 Storm Earth and Fire
1 Drunken Brawler
4 Goblin Alchemist
2 Acid Bomb
2 Healing Spray
» actions
| Assign group hotkey | 84 | |
| Basic commands | 109 | |
| Build / train | 142 | |
| Enter build submenu | 31 | |
| Enter hero's abilities submenu | 13 | |
| Give item / drop item | 5 | |
| Right click | 2059 | |
| Select / deselect | 728 | |
| Select group hotkey | 534 | |
| Use ability | 295 | |
4000 total
» units
| Wisp | 44 | |
| Huntress | 6 | |
| Dryad | 23 | |
| Hippogryph | 3 | |
76 total
» upgrades
| Ultravision | 1 | |
| Strength of the Wild | 2 | |
| Nature's Blessing | 1 | |
| Abolish Magic | 1 | |
| Reinforced Hides | 2 | |
| Druid of the Claw Training | 2 | |
9 total
» buildings
| Altar of Elders | 4 | |
| Moon Well | 6 | |
| Hunter's Hall | 1 | |
| Ancient of War | 3 | |
| Tree of Life | 5 | |
| Tree of Ages | 3 | |
| Ancient of Lore | 2 | |
| Ancient Protector | 7 | |
| Tree of Eternity | 3 | |
| Ancient of Wonders | 1 | |
| Ancient of Wind | 1 | |
36 total
» build order
00:02 Altar of Elders
00:06 Altar of Elders
00:07 Altar of Elders
00:18 Moon Well
01:47 Hunter's Hall
01:52 Ancient of War
01:58 Ancient of War
02:03 Ancient of War
02:14 Moon Well
03:37 Moon Well
05:04 Tree of Life
05:33 Tree of Ages
05:59 Moon Well
08:28 Ancient of Lore
08:29 Ancient of Lore
09:19 Ancient Protector
09:20 Ancient Protector
13:12 Tree of Eternity
13:12 Tree of Eternity
14:00 Moon Well
14:17 Ancient of Wonders
17:45 Tree of Life
18:53 Tree of Life
19:38 Tree of Life
24:23 Tree of Ages
28:56 Tree of Ages
32:51 Tree of Eternity
33:35 Ancient Protector
33:36 Ancient Protector
33:40 Ancient Protector
33:53 Ancient Protector
33:54 Ancient Protector
35:22 Ancient of Wind
36:44 Moon Well
39:00 Altar of Elders
39:49 Tree of Life
» items
| Healing Salve | 5 | |
| Boots of Speed | 2 | |
| Lesser Clarity Potion | 8 | |
| Potion of Mana | 3 | |
| Orb of Lightning | 2 | |
| Scroll of Town Portal | 5 | |
| Tiny Great Hall | 2 | |
| Scroll of Speed | 2 | |
| Potion of Healing | 1 | |
| Potion of Lesser Invulnerability | 2 | |
| Potion of Invisibility | 1 | |
| Staff of Teleportation | 1 | |
34 total
NFL-PAWN-NBA (
yellow | 60 APM | 4025 actions | 67:14)
10 Blademaster
3 Wind Walk
3 Critical Strike
1 Bladestorm
3 Mirror Image
» actions
| Assign group hotkey | 42 | |
| Basic commands | 194 | |
| Build / train | 105 | |
| Enter build submenu | 37 | |
| Enter hero's abilities submenu | 10 | |
| Give item / drop item | 12 | |
| Remove unit from queue | 2 | |
| Right click | 1733 | |
| Select / deselect | 411 | |
| Select group hotkey | 1245 | |
| Use ability | 230 | |
4025 total
» units
| Peon | 21 | |
| Grunt | 4 | |
| Goblin Shredder | 3 | |
| Raider | 6 | |
| Troll Batrider | 4 | |
| Wind Rider | 5 | |
| Goblin Sapper | 4 | |
| Goblin Zeppelin | 2 | |
49 total
» upgrades
| Ranged Weapons | 3 | |
| Ensnare | 1 | |
| Reinforced Defenses | 1 | |
| Armor | 2 | |
| Envenomed Spears | 1 | |
| Liquid Fire | 1 | |
| Melee Weapons | 1 | |
| Pillage | 1 | |
11 total
» buildings
| Altar of Storms | 1 | |
| Orc Burrow | 8 | |
| Barracks | 1 | |
| Voodoo Lounge | 3 | |
| Great Hall | 4 | |
| Stronghold | 1 | |
| War Mill | 1 | |
| Fortress | 2 | |
| Beastiary | 4 | |
| Watch Tower | 34 | |
59 total
» build order
00:16 Altar of Storms
00:23 Orc Burrow
00:36 Barracks
01:34 Orc Burrow
02:13 Voodoo Lounge
03:26 Great Hall
04:07 Stronghold
06:09 War Mill
06:15 Orc Burrow
06:29 Fortress
06:30 Fortress
07:23 Beastiary
07:26 Beastiary
07:34 Watch Tower
07:35 Watch Tower
07:35 Watch Tower
07:36 Watch Tower
07:36 Watch Tower
07:54 Beastiary
09:33 Watch Tower
09:37 Watch Tower
09:41 Watch Tower
09:44 Watch Tower
09:45 Watch Tower
10:04 Watch Tower
10:42 Watch Tower
10:42 Watch Tower
10:43 Watch Tower
11:45 Watch Tower
11:46 Watch Tower
12:25 Orc Burrow
12:26 Orc Burrow
12:29 Orc Burrow
12:29 Orc Burrow
13:17 Watch Tower
13:22 Watch Tower
13:23 Watch Tower
14:40 Watch Tower
14:42 Watch Tower
17:05 Beastiary
17:06 Orc Burrow
18:40 Watch Tower
18:40 Watch Tower
21:49 Great Hall
22:14 Watch Tower
22:14 Watch Tower
23:24 Watch Tower
23:24 Watch Tower
28:00 Watch Tower
28:00 Watch Tower
28:00 Watch Tower
35:10 Great Hall
37:17 Great Hall
42:51 Watch Tower
42:51 Watch Tower
42:52 Watch Tower
42:53 Watch Tower
47:11 Voodoo Lounge
47:34 Voodoo Lounge
» items
| Healing Salve | 5 | |
| Staff of Teleportation | 2 | |
| Orb of Lightning | 1 | |
| Scroll of Town Portal | 10 | |
| Lesser Clarity Potion | 4 | |
| Potion of Mana | 2 | |
| Boots of Speed | 1 | |
| Scroll of Healing | 3 | |
28 total
NoName (
pink | 24 APM | 1595 actions | 67:14)
5 Shadow Hunter
2 Serpent Ward
3 Healing Wave
» actions
| Assign group hotkey | 22 | |
| Basic commands | 138 | |
| Build / train | 65 | |
| ESC pressed | 2 | |
| Enter build submenu | 22 | |
| Enter hero's abilities submenu | 5 | |
| Right click | 416 | |
| Select / deselect | 293 | |
| Select group hotkey | 542 | |
| Use ability | 90 | |
1595 total
» units
| Peon | 7 | |
| Grunt | 8 | |
| Tauren | 8 | |
| Shaman | 7 | |
| Troll Batrider | 7 | |
37 total
» upgrades
| Shaman Training | 2 | |
| Armor | 2 | |
| Melee Weapons | 2 | |
| Pulverize | 1 | |
| Reinforced Defenses | 1 | |
| Spiked Barricades | 1 | |
9 total
» buildings
| Altar of Storms | 1 | |
| Orc Burrow | 8 | |
| Barracks | 1 | |
| Voodoo Lounge | 1 | |
| War Mill | 1 | |
| Stronghold | 1 | |
| Watch Tower | 6 | |
| Fortress | 1 | |
| Spirit Lodge | 1 | |
| Tauren Totem | 1 | |
| Great Hall | 1 | |
| Beastiary | 1 | |
24 total
» build order
00:19 Altar of Storms
00:25 Orc Burrow
00:51 Barracks
01:32 Orc Burrow
02:03 Voodoo Lounge
03:13 War Mill
03:23 Orc Burrow
04:03 Stronghold
04:45 Orc Burrow
06:11 Watch Tower
06:21 Watch Tower
07:21 Fortress
07:31 Spirit Lodge
09:48 Tauren Totem
10:13 Orc Burrow
10:38 Watch Tower
11:36 Orc Burrow
13:03 Orc Burrow
17:31 Orc Burrow
19:23 Watch Tower
24:39 Watch Tower
25:52 Great Hall
25:55 Watch Tower
29:57 Beastiary
» items
| Scroll of Town Portal | 3 | |
| Healing Salve | 3 | |
| Scroll of Speed | 1 | |
| Orb of Lightning | 1 | |
| Potion of Healing | 1 | |
| Lesser Clarity Potion | 1 | |
| Potion of Mana | 1 | |
11 total
team 2 (winner)
Knight_Lite (
orange | 62 APM | 1454 actions | 23:24)
5 Blademaster
2 Wind Walk
3 Critical Strike
» actions
| Build / train | 61 | |
| Enter build submenu | 25 | |
| Enter hero's abilities submenu | 5 | |
| Give item / drop item | 1 | |
| Remove unit from queue | 7 | |
| Right click | 918 | |
| Select / deselect | 368 | |
| Use ability | 69 | |
1454 total
» units
| Peon | 17 | |
| Grunt | 4 | |
| Troll Batrider | 15 | |
36 total
» upgrades
| Ranged Weapons | 3 | |
| Liquid Fire | 1 | |
| Armor | 1 | |
| Troll Regeneration | 1 | |
| Reinforced Defenses | 1 | |
| Spiked Barricades | 1 | |
8 total
» buildings
| Altar of Storms | 1 | |
| Orc Burrow | 5 | |
| Barracks | 1 | |
| Voodoo Lounge | 1 | |
| Stronghold | 1 | |
| War Mill | 1 | |
| Great Hall | 2 | |
| Watch Tower | 7 | |
| Fortress | 1 | |
| Beastiary | 3 | |
| Spirit Lodge | 1 | |
24 total
» build order
00:07 Altar of Storms
00:13 Orc Burrow
00:36 Barracks
01:29 Orc Burrow
02:39 Voodoo Lounge
04:32 Stronghold
04:36 War Mill
05:10 Great Hall
05:45 Orc Burrow
06:02 Watch Tower
06:05 Watch Tower
06:49 Watch Tower
06:52 Watch Tower
07:11 Fortress
07:16 Orc Burrow
09:34 Beastiary
09:37 Spirit Lodge
09:42 Beastiary
09:49 Orc Burrow
10:51 Beastiary
15:15 Watch Tower
22:45 Great Hall
22:48 Watch Tower
22:50 Watch Tower
» items
| Healing Salve | 3 | |
| Boots of Speed | 1 | |
| Staff of Teleportation | 1 | |
| Orb of Lightning | 1 | |
| Potion of Healing | 1 | |
7 total
TomBrady (
teal | 62 APM | 3371 actions | 54:01)
5 Mountain King
3 Storm Bolt
2 Bash
2 Paladin
2 Holy Light
1 Blademaster
1 Bladestorm
» actions
| Assign group hotkey | 28 | |
| Basic commands | 1 | |
| Build / train | 160 | |
| Enter build submenu | 74 | |
| Enter hero's abilities submenu | 9 | |
| Give item / drop item | 2 | |
| Remove unit from queue | 6 | |
| Right click | 1424 | |
| Select / deselect | 736 | |
| Select group hotkey | 762 | |
| Use ability | 168 | |
3371 total
» units
| Peasant | 44 | |
| Footman | 6 | |
| Sorceress | 15 | |
| Rifleman | 9 | |
| Goblin Shredder | 5 | |
| Flying Machine | 3 | |
| Siege Engine | 6 | |
| Knight | 1 | |
89 total
» upgrades
| Lumber Harvesting | 1 | |
| Sorceress Training | 2 | |
| Masonry | 2 | |
| Gunpowder | 1 | |
| Barrage | 1 | |
| Long Rifles | 1 | |
| Fragmentation Shards | 1 | |
| Flare | 1 | |
| Magic Sentry | 1 | |
11 total
» buildings
| Barracks | 3 | |
| Altar of Kings | 2 | |
| Farm | 17 | |
| Arcane Vault | 3 | |
| Town Hall | 8 | |
| Keep | 2 | |
| Scout Tower | 33 | |
| Lumber Mill | 4 | |
| Blacksmith | 2 | |
| Arcane Tower | 8 | |
| Arcane Sanctum | 4 | |
| Guard Tower | 11 | |
| Castle | 2 | |
| Workshop | 6 | |
105 total
» build order
00:26 Barracks
00:47 Altar of Kings
00:57 Farm
01:13 Farm
01:53 Farm
02:06 Arcane Vault
02:35 Farm
04:16 Town Hall
05:06 Keep
05:24 Scout Tower
05:24 Scout Tower
05:26 Scout Tower
06:32 Lumber Mill
07:02 Blacksmith
07:07 Arcane Tower
07:09 Farm
07:35 Arcane Sanctum
07:41 Guard Tower
08:25 Scout Tower
08:49 Castle
08:59 Arcane Tower
09:18 Farm
10:05 Scout Tower
10:06 Scout Tower
10:07 Scout Tower
11:09 Workshop
11:28 Guard Tower
11:30 Guard Tower
11:30 Guard Tower
11:36 Workshop
11:39 Workshop
11:42 Workshop
12:13 Farm
12:18 Farm
12:19 Farm
12:23 Scout Tower
12:25 Scout Tower
12:28 Farm
12:32 Scout Tower
14:37 Town Hall
14:43 Town Hall
16:24 Scout Tower
16:27 Scout Tower
16:57 Arcane Tower
19:07 Arcane Tower
19:23 Scout Tower
19:29 Lumber Mill
20:06 Keep
21:35 Barracks
21:54 Town Hall
22:02 Arcane Vault
22:08 Blacksmith
22:19 Arcane Tower
22:28 Farm
22:34 Altar of Kings
22:39 Farm
22:50 Scout Tower
22:54 Scout Tower
23:22 Guard Tower
23:47 Castle
24:27 Arcane Sanctum
24:36 Arcane Sanctum
26:12 Workshop
26:43 Arcane Sanctum
26:48 Workshop
26:53 Arcane Vault
27:23 Barracks
27:38 Lumber Mill
28:09 Scout Tower
28:09 Scout Tower
28:12 Scout Tower
28:16 Scout Tower
28:17 Scout Tower
28:18 Scout Tower
29:12 Scout Tower
29:18 Farm
29:27 Guard Tower
29:33 Scout Tower
29:33 Scout Tower
29:49 Scout Tower
29:49 Scout Tower
29:51 Scout Tower
29:52 Scout Tower
30:01 Arcane Tower
30:04 Scout Tower
30:10 Guard Tower
30:28 Farm
30:36 Guard Tower
30:37 Guard Tower
30:39 Scout Tower
35:14 Lumber Mill
35:54 Farm
35:54 Farm
36:54 Farm
39:42 Town Hall
42:46 Town Hall
43:09 Guard Tower
43:11 Guard Tower
44:50 Scout Tower
47:41 Town Hall
49:09 Town Hall
51:55 Scout Tower
52:17 Scout Tower
52:22 Arcane Tower
52:57 Arcane Tower
» items
| Scroll of Regeneration | 5 | |
| Lesser Clarity Potion | 4 | |
| Potion of Mana | 3 | |
| Scroll of Town Portal | 5 | |
| Staff of Sanctuary | 1 | |
| Orb of Fire | 1 | |
19 total
Drayen' (
purple | 99 APM | 6655 actions | 67:22)
10 Archmage
3 Summon Water Elemental
3 Brilliance Aura
1 Mass Teleport
3 Blizzard
3 Mountain King
2 Storm Bolt
1 Bash
2 Goblin Tinker
1 Cluster Rockets
1 Engineering Upgrade
» actions
| Assign group hotkey | 132 | |
| Basic commands | 140 | |
| Build / train | 164 | |
| Enter build submenu | 67 | |
| Enter hero's abilities submenu | 15 | |
| Give item / drop item | 8 | |
| Remove unit from queue | 2 | |
| Right click | 2275 | |
| Select / deselect | 815 | |
| Select group hotkey | 2769 | |
| Use ability | 268 | |
6655 total
» units
| Peasant | 19 | |
| Footman | 7 | |
| Goblin Shredder | 1 | |
| Goblin Zeppelin | 1 | |
| Dragonhawk Rider | 22 | |
| Goblin Sapper | 2 | |
| Gryphon Rider | 9 | |
| Knight | 5 | |
| Priest | 4 | |
70 total
» upgrades
| Masonry | 3 | |
| Swords | 3 | |
| Armor | 3 | |
| Animal War Training | 1 | |
| Cloud | 1 | |
| Storm Hammers | 1 | |
| Gunpowder | 1 | |
| Plating | 3 | |
| Priest Training | 3 | |
| Magic Sentry | 1 | |
20 total
» buildings
| Altar of Kings | 1 | |
| Barracks | 3 | |
| Farm | 14 | |
| Scout Tower | 37 | |
| Arcane Tower | 1 | |
| Lumber Mill | 1 | |
| Arcane Vault | 2 | |
| Keep | 1 | |
| Town Hall | 6 | |
| Guard Tower | 12 | |
| Castle | 1 | |
| Gryphon Aviary | 4 | |
| Blacksmith | 2 | |
| Arcane Sanctum | 2 | |
87 total
» build order
00:49 Altar of Kings
00:51 Barracks
00:53 Farm
00:55 Farm
01:05 Farm
01:34 Farm
02:11 Scout Tower
03:01 Arcane Tower
03:26 Lumber Mill
03:33 Arcane Vault
04:02 Keep
04:53 Town Hall
04:54 Scout Tower
04:55 Scout Tower
04:55 Scout Tower
04:56 Scout Tower
05:53 Guard Tower
07:35 Guard Tower
07:37 Castle
08:22 Gryphon Aviary
08:24 Gryphon Aviary
09:04 Gryphon Aviary
09:07 Blacksmith
09:10 Blacksmith
09:15 Farm
09:31 Gryphon Aviary
13:28 Scout Tower
13:28 Scout Tower
13:29 Scout Tower
13:30 Scout Tower
14:03 Scout Tower
14:03 Scout Tower
14:04 Scout Tower
14:07 Scout Tower
14:07 Scout Tower
14:07 Scout Tower
14:09 Scout Tower
14:10 Scout Tower
14:45 Guard Tower
15:16 Guard Tower
15:19 Guard Tower
15:22 Scout Tower
15:24 Scout Tower
15:27 Scout Tower
15:29 Scout Tower
15:31 Scout Tower
16:43 Scout Tower
16:43 Scout Tower
16:43 Scout Tower
16:44 Scout Tower
16:44 Scout Tower
16:57 Town Hall
17:15 Guard Tower
17:18 Guard Tower
17:19 Scout Tower
17:20 Scout Tower
17:20 Scout Tower
17:20 Scout Tower
17:21 Scout Tower
17:22 Scout Tower
17:23 Scout Tower
17:23 Scout Tower
17:24 Scout Tower
17:25 Scout Tower
17:28 Arcane Vault
17:49 Guard Tower
18:13 Guard Tower
18:13 Guard Tower
19:07 Guard Tower
19:59 Guard Tower
24:13 Farm
24:16 Farm
24:25 Farm
24:25 Farm
24:26 Farm
24:28 Farm
24:31 Farm
24:33 Farm
24:34 Farm
31:54 Barracks
31:55 Barracks
31:58 Arcane Sanctum
32:01 Arcane Sanctum
33:25 Town Hall
41:31 Town Hall
41:51 Town Hall
52:32 Town Hall
» items
| Mechanical Critter | 5 | |
| Scroll of Regeneration | 14 | |
| Staff of Sanctuary | 1 | |
| Periapt of Vitality | 2 | |
| Scroll of Town Portal | 9 | |
| Potion of Healing | 3 | |
| Healing Salve | 1 | |
| Boots of Speed | 1 | |
| Staff of Teleportation | 1 | |
| Potion of Invisibility | 1 | |
38 total
Goku- (
blue | 124 APM | 7593 actions | 61:27)
5 Demon Hunter
3 Mana Burn
2 Evasion
3 Keeper of the Grove
1 Entangling Roots
2 Thorns Aura
2 Blademaster
1 Bladestorm
1 Wind Walk
» actions
| Assign group hotkey | 73 | |
| Basic commands | 702 | |
| Build / train | 110 | |
| ESC pressed | 19 | |
| Enter build submenu | 25 | |
| Enter hero's abilities submenu | 10 | |
| Give item / drop item | 7 | |
| Right click | 2147 | |
| Select / deselect | 1163 | |
| Select group hotkey | 3078 | |
| Use ability | 259 | |
7593 total
» units
| Wisp | 32 | |
| Archer | 5 | |
| Dryad | 3 | |
| Druid of the Claw | 4 | |
| Raider | 6 | |
| Peon | 3 | |
53 total
» upgrades
| Druid of the Claw Training | 2 | |
| Abolish Magic | 1 | |
| Well Spring | 1 | |
| Reinforced Hides | 3 | |
| Mark of the Claw | 1 | |
| Strength of the Wild | 2 | |
| Ensnare | 1 | |
| Pillage | 1 | |
12 total
» buildings
| Altar of Elders | 1 | |
| Moon Well | 8 | |
| Ancient of War | 1 | |
| Tree of Ages | 3 | |
| Hunter's Hall | 1 | |
| Ancient of Wonders | 1 | |
| Ancient of Lore | 2 | |
| Tree of Eternity | 4 | |
| Ancient Protector | 2 | |
23 total
» build order
00:10 Altar of Elders
00:18 Moon Well
00:39 Ancient of War
01:55 Moon Well
01:58 Moon Well
02:49 Tree of Ages
02:49 Tree of Ages
02:49 Tree of Ages
03:11 Hunter's Hall
04:16 Moon Well
04:23 Ancient of Wonders
05:31 Ancient of Lore
05:31 Ancient of Lore
06:39 Tree of Eternity
06:39 Tree of Eternity
06:39 Tree of Eternity
06:39 Tree of Eternity
07:30 Moon Well
14:57 Ancient Protector
15:00 Ancient Protector
16:59 Moon Well
16:59 Moon Well
17:00 Moon Well
» items
| Boots of Speed | 1 | |
| Staff of Teleportation | 1 | |
| Staff of Preservation | 1 | |
| Orb of Venom | 1 | |
| Scroll of Town Portal | 7 | |
| Potion of Lesser Invulnerability | 2 | |
| Scroll of Healing | 1 | |
| Potion of Invisibility | 1 | |
15 total
Chat log
(00:12 / All) NFL-PAWN-NBA: tom brady > joe montana
(00:26 / Allies) Goku-: who am i gonna feed to mass air today?
(00:29 / All) Drayen': Tom Brady is the embodiment of the indomitable Aryan spirit
(00:30 / Allies) Goku-: :D
(00:34 / All) TomBrady: true statement, yes i am
(00:42 / All) TomBrady: to the montana
(00:43 / All) Knight_Lite: derek carr is better now
(00:55 / All) Goku-: yayyy baseball
(01:00 / All) NFL-PAWN-NBA: carr got paid
(01:06 / All) NFL-PAWN-NBA: wonder what i would do with 125 million
(01:09 / All) Knight_Lite: hes young and is most promising
(01:17 / All) TomBrady: no way more promising
(01:19 / All) Knight_Lite: tom's time is over
(01:38 / All) TomBrady: reigning supe champs
(01:41 / All) Drayen': Tom Brady is only getting started
(01:45 / All) Drayen': first 50 yo MVP
(01:57 / All) Knight_Lite: hes got maybe 2 more years or until an injury
(01:58 / All) NFL-PAWN-NBA: i used to hate brady cuz i wanted kurt warner to win 2nd sb
(02:28 / All) TomBrady: for last 7 years people have been saying im done
(02:37 / All) TomBrady: Eventually
(02:48 / All) Knight_Lite: im not a hater u used to b the best
(02:50 / All) NFL-PAWN-NBA: these fucking patches are making me laggy
(02:54 / All) Knight_Lite: but there are better ppl now
(02:54 / All) TomBrady: ....20 years later
(03:22 / All) TomBrady: i would tell u to name 1 but u cant
(03:38 / All) Knight_Lite: carr and rogers
(03:53 / All) TomBrady: rodgers maybe more athletic but not better
(04:01 / All) TomBrady: carrs 2015 and 2016 stats almost same
(04:04 / All) TomBrady: just came up with more wins
(04:06 / Allies) Drayen': woods
(04:09 / All) TomBrady: and sitll not close to mine
(04:13 / Allies) Knight_Lite: hes improving
(04:16 / Allies) Drayen': woods
(04:20 / Allies) Knight_Lite: the comebacks r insane
(04:22 / All) TomBrady: So is everyone else
(04:25 / Allies) Knight_Lite: hes got the killer instinct
(04:28 / Allies) Knight_Lite: clutch QB
(04:31 / All) TomBrady: Clutch?
(04:32 / All) TomBrady: when?
(04:35 / All) TomBrady: 1 season?
(04:39 / All) Knight_Lite: last
(04:45 / All) TomBrady: 1 season doesnt make u clutch
(04:50 / All) Knight_Lite: like half his wins were comeback clutches
(04:53 / All) TomBrady: yea
(04:57 / All) TomBrady: True he is great
(05:02 / All) TomBrady: boy doesnt confuse greatest
(05:14 / All) TomBrady: but*
(05:26 / All) Knight_Lite: do u think the raiders will have a better 2017 season than last season yes or no?
(05:40 / All) TomBrady: could end in same spot
(05:43 / All) TomBrady: maybe 1 game further
(05:53 / All) TomBrady: yes sb team is being built
(05:55 / All) NFL-PAWN-NBA: yea
(05:55 / All) Knight_Lite: WITH LYNCH?!
(05:59 / All) TomBrady: but playoffs diff beast
(06:00 / All) NFL-PAWN-NBA: they could make 2nd round
(06:14 / All) Knight_Lite: ur underrating them
(06:28 / All) TomBrady: i just gave em 2 play off wins
(06:36 / All) TomBrady: fairly valued
(06:40 / All) TomBrady: what have they done in last 10 years?
(06:49 / All) TomBrady: Exp is important
(06:52 / All) TomBrady: just ask atlanta
(06:56 / Allies) TomBrady: they rushing
(07:01 / All) NFL-PAWN-NBA: holy shit
(07:01 / All) NFL-PAWN-NBA: lag
(07:12 / All) NFL-PAWN-NBA: i swear to god these patches
(07:34 / Allies) Knight_Lite: ur underrestimating their running improvements for this season
(07:41 / Allies) Knight_Lite: and their defense has nowhere to go but up
(08:33 / Allies) Drayen': wood please
(08:46 / Allies) Goku-: nice
(08:56 / Allies) Drayen': chim
(08:59 / Allies) Drayen': wood please for dhawk
(09:00 / Allies) Goku-: y
(09:14 / Allies) Goku-: quick
(09:58 / Allies) Goku-: gold me purp
(10:04 / Allies) Goku-: ty
(10:38 / Allies) Goku-: care mate
(11:12 / Allies) TomBrady: they coming need aa
(11:25 / Allies) Knight_Lite: making bats
(11:25 / Allies) Goku-: i have some aa
(11:28 / Allies) Goku-: purp
(11:29 / Allies) Goku-: fucking
(11:32 / Allies) Goku-: make dhawks
(11:45 / Allies) Drayen': have them
(11:49 / Allies) Goku-: more mb
(11:54 / Allies) Goku-: 80 food :d
(11:57 / Allies) Goku-: or gryphons
(12:01 / Allies) Goku-: u need to spend gold
(12:08 / Allies) Goku-: leave ti
(12:26 / Allies) Goku-: main
(12:42 / Allies) TomBrady: coe?
(12:44 / Allies) TomBrady: come?
(12:48 / Allies) Goku-: shit no tp
(12:49 / Allies) Goku-: FUCK
(12:51 / Allies) Goku-: adf
(13:06 / Allies) Goku-: mass bats for now oj?
(13:11 / Allies) Goku-: who tp ing?
(13:28 / All) NFL-PAWN-NBA: odd game
(13:30 / All) NFL-PAWN-NBA: base race?
(13:33 / Allies) TomBrady: wow
(13:35 / Allies) TomBrady: smh
(13:48 / Allies) TomBrady: lmber
(13:50 / Allies) TomBrady: 300
(16:53 / Allies) TomBrady: blue get more than 50/50
(17:01 / Allies) Goku-: k
(17:11 / Allies) Goku-: im just kinda dishing out
(17:54 / Allies) Goku-: care
(18:18 / All) Goku-: nice to know that yellow is being a faggot this game
(18:23 / All) NFL-PAWN-NBA: lol
(18:39 / Allies) TomBrady: u guys lettin gme die was when we lost
(18:40 / Allies) TomBrady: blue
(18:42 / Allies) TomBrady: idk wtf ur doing
(18:43 / Allies) TomBrady: purp
(18:45 / Allies) TomBrady: idk wtf ur doing
(19:17 / Allies) TomBrady: gay game
(19:34 / Allies) Goku-: youre telling me
(19:38 / Allies) Goku-: all my wisps died
(19:40 / Allies) Goku-: to mh blade
(19:41 / Allies) TomBrady: dont suck next time
(19:44 / Allies) Goku-: you
(20:20 / Allies) TomBrady: blue
(20:21 / Allies) TomBrady: purpl
(20:23 / Allies) TomBrady: help him
(20:23 / Allies) TomBrady: tp
(20:35 / Allies) Goku-: okay
(20:36 / Allies) Goku-: but
(20:37 / Allies) TomBrady: or we losse
(20:39 / Allies) Goku-: you need to tp forst
(20:40 / Allies) TomBrady: purple
(20:41 / Allies) TomBrady: come
(20:41 / Allies) TomBrady: ffs
(20:46 / All) NFL-PAWN-NBA: tp blue
(20:52 / All) Goku-: ?
(21:07 / All) Drayen': level 6
(21:09 / All) Drayen': Sweet!
(21:28 / Allies) TomBrady: cmon atleast dont suck a little
(22:11 / Allies) Goku-: b
(22:14 / Allies) Goku-: or not
(22:15 / Allies) Goku-: w.e.
(22:47 / All) NFL-PAWN-NBA: dead bear
(22:56 / All) Goku-: noooooooooo really?
(23:16 / All) TomBrady: gg
(23:17 / All) Goku-: ik like to point out that purple has 8k gold
(23:18 / All) TomBrady: not really
(24:53 / Allies) Goku-: teal either fight him or dont
(24:54 / All) NFL-PAWN-NBA: dead rifle
(25:02 / Allies) Goku-: dont suicide units
(25:33 / All) NFL-PAWN-NBA: die brady die
(25:42 / All) TomBrady: its been gg
(25:51 / All) NFL-PAWN-NBA: kill my bats
(25:53 / All) TomBrady: between purp and blue
(26:02 / All) NFL-PAWN-NBA: ill help u
(26:02 / All) NFL-PAWN-NBA: out
(26:04 / All) NFL-PAWN-NBA: got farm
(26:42 / Allies) Goku-: alchi
(26:56 / Allies) Goku-: OR NOT IDIOT
(27:22 / Allies) Goku-: more units purp
(28:30 / Allies) Goku-: mb need to hit pink or green
(28:36 / Allies) Goku-: that would help im sure
(29:59 / Allies) Goku-: gold for tp plz
(30:12 / Allies) Goku-: puplr
(30:30 / All) NFL-PAWN-NBA: ook a this guy
(30:51 / Allies) TomBrady: lumber
(30:57 / Allies) TomBrady: purp
(31:26 / Allies) Goku-: care purpe
(32:41 / Allies) TomBrady: oj
(32:45 / Allies) TomBrady: purple
(32:45 / Allies) Goku-: oj gone
(32:46 / Allies) TomBrady: some lumber
(32:46 / Allies) Goku-: what
(32:51 / Allies) Goku-: oj not here
(32:51 / Allies) Goku-: idiot
(33:06 / Allies) Goku-: PURPLE
(33:08 / Allies) TomBrady: purple
(33:09 / Allies) TomBrady: lumber
(33:21 / Allies) Goku-: fucking hell purple
(34:05 / Allies) Goku-: not into mass towers teal
(34:06 / Allies) Goku-: wtf
(34:26 / Allies) TomBrady: LUMBER
(34:36 / All) NFL-PAWN-NBA: holy shit
(34:39 / All) Goku-: ?
(34:44 / All) NFL-PAWN-NBA: fps lag
(35:49 / Allies) Goku-: be ready to tp out teal
(36:03 / Allies) TomBrady: fuck u
(36:12 / Allies) TomBrady: this game is over
(36:30 / Allies) TomBrady: purple sucks ass
(36:34 / Allies) Goku-: what
(36:38 / All) Goku-: how the fuck
(37:57 / Allies) Goku-: send shredder here teal
(38:03 / Allies) Goku-: its more effecient
(39:02 / Allies) Goku-: stop controlling oj
(39:05 / Allies) Goku-: ffs
(39:19 / Allies) Goku-: TEAL
(39:31 / Allies) Goku-: im gonna tk now
(40:31 / Allies) Goku-: care teal
(40:48 / All) Drayen': Haha
(41:28 / All) TripleOG: gg
(41:31 / All) Goku-: ?
(41:35 / All) NFL-PAWN-NBA: aint evne gg
(41:36 / All) TripleOG: ?
(41:38 / All) NFL-PAWN-NBA: hes being a baby
(41:44 / All) NoName: you guys won
(41:49 / All) Drayen': sigh
(41:50 / All) Goku-: not yet
(42:16 / All) NoName: this is a dumb ass game, we would have won. But yellow is playing around
(42:21 / All) NoName: there is no way he wins
(42:28 / All) Goku-: why not have fun with wc3
(42:31 / All) TomBrady: purples not taking this seirous either
(42:32 / All) NFL-PAWN-NBA: i took out 3 bases and he says im messing around
(42:34 / All) TripleOG: nah u can still win
(42:36 / All) Goku-: not much time to enjoy it
(42:37 / All) TripleOG: ill mh 4 u
(42:41 / All) TripleOG: kill bottom expo
(42:45 / All) Goku-: dude
(43:09 / All) NoName: i play this to have fun and end games. not this crap bro
(43:25 / All) TripleOG: kid cant do it solo may as well try 2 do it in 4s
(43:27 / Allies) Goku-: STOP CONTROLLING HI
(43:32 / All) TripleOG: ruin the game for ppl that wanna play team
(43:42 / Allies) TomBrady: its purp
(43:48 / All) NFL-PAWN-NBA: i jus tkilled 4 players
(43:49 / All) Goku-: fucking purple
(43:52 / All) Goku-: zzzz
(43:53 / All) NFL-PAWN-NBA: and he says im messing aorund
(43:53 / Allies) Drayen': what did I do
(44:00 / Allies) Goku-: stop controlling oj
(44:03 / Allies) Drayen': I didn't
(44:06 / Allies) Goku-: mmhmm
(44:13 / Allies) Drayen': why would I control him
(44:18 / Allies) Goku-: to troll us
(44:19 / Allies) Goku-: ffs
(44:26 / Allies) Goku-: gold to oj for bm
(44:30 / Allies) Drayen': are you insane?
(44:33 / Allies) Goku-: ?
(44:44 / Allies) Goku-: no it happens quite frequently
(45:36 / Allies) Goku-: purple stop hero focusing
(45:41 / Allies) Goku-: kill yellow units
(45:49 / Allies) Goku-: ZZZZ
(45:58 / Allies) TomBrady: literally didnt even target his hero
(46:02 / Allies) Goku-: not you
(46:04 / All) NFL-PAWN-NBA: team give sme no credit
(46:05 / Allies) Goku-: are you purple?
(46:18 / All) TripleOG: no1 credits something that takes u 40mins that could of been done in 15
(46:19 / Allies) TomBrady: thankfully no i hate that guy
(46:29 / All) NFL-PAWN-NBA: this guy
(46:34 / All) NFL-PAWN-NBA: i 1v4 and he still says i suck
(46:39 / All) TripleOG: u do
(46:40 / All) Goku-: i mean
(46:43 / All) Goku-: really its a 1v2
(46:45 / All) Goku-: but still
(47:02 / All) NFL-PAWN-NBA: fucking brady
(47:05 / All) NFL-PAWN-NBA: insulting my pride
(47:15 / All) TripleOG: pride in towering and right clicking
(47:16 / All) TripleOG: big boy
(47:20 / All) NFL-PAWN-NBA: lawl
(47:22 / All) NFL-PAWN-NBA: hater gonna hae
(47:26 / All) Drayen': FUCK YOU DRYAD MASSING NOOB
(47:30 / All) TripleOG: call it like i see it
(48:11 / All) NFL-PAWN-NBA: biatch
(48:16 / All) Goku-: lol
(48:20 / All) Goku-: says the mass towering noob
(48:24 / All) Goku-: mass towers
(48:26 / All) Goku-: mass bats
(48:29 / All) Goku-: mass wyvs
(48:30 / All) Goku-: zz
(48:36 / Allies) Goku-: stop controlling oj
(48:40 / Allies) Goku-: whoever it is
(49:19 / All) NFL-PAWN-NBA: best rpg on ps4 is the witcher 3. please play it
(50:12 / Allies) TomBrady: these pussies know each other
(50:14 / Allies) TomBrady: nd fucking aaround
(50:18 / Allies) Goku-: lol
(50:24 / Allies) Goku-: i wouldnt doubt it
(50:56 / Allies) TomBrady: afk
(51:01 / Allies) Goku-: ypu are?
(51:05 / Allies) TomBrady: yep
(51:07 / Allies) Goku-: k
(51:16 / All) NFL-PAWN-NBA: i get no credit
(51:23 / All) NFL-PAWN-NBA: im a pro and my team doesnt even thank me
(51:34 / All) Goku-: "pro"
(51:41 / All) Aranza: he sucks big time
(51:46 / All) Goku-: "pros" dont play on bnetxD
(51:51 / All) TripleOG: word
(51:52 / All) NFL-PAWN-NBA: literally was a beast this game
(51:58 / All) Goku-: beast
(52:00 / All) Goku-: not a pro
(52:07 / All) NFL-PAWN-NBA: my pro friend kodos forsaken plays on bnet. he taught me all i know
(52:13 / All) Goku-: omfg
(52:31 / All) Goku-: you think he is a pro?
(52:41 / All) NFL-PAWN-NBA: i know it
(52:42 / All) Goku-: above avg mb but not pro
(53:02 / All) Drayen': anal raped
(53:03 / All) Drayen': No lube
(53:09 / All) NFL-PAWN-NBA: green mad
(53:10 / All) NFL-PAWN-NBA: cuz he bad
(53:13 / Allies) Goku-: xD
(53:15 / All) Goku-: xD
(53:18 / All) TripleOG: kid thinks hes good
(53:25 / All) TripleOG: kid cant even name an entire fb team
(53:26 / All) Goku-: I kinda have to say
(53:28 / All) TripleOG: yet has fb in his name
(53:29 / All) Drayen': green is a scrub lmao
(53:29 / All) TripleOG: dumb bitch
(53:30 / All) Goku-: he 1v3 pretty well
(53:32 / All) NFL-PAWN-NBA: no . I KNOW it
(53:39 / All) TripleOG: entire patriots roster
(53:40 / All) Drayen': where's your base you dryad masser nub?>
(53:41 / All) TripleOG: lets go
(53:45 / Allies) TomBrady: win for me
(53:46 / All) NFL-PAWN-NBA: lawl
(53:47 / Allies) Goku-: ye
(53:50 / All) TripleOG: thats what i thought
(54:01 / All) NFL-PAWN-NBA: lets
(54:05 / All) Goku-: zz
(54:11 / All) NFL-PAWN-NBA: lets make this a standoff,
(54:13 / All) Drayen': Green you "SuperHuman" and "SoManyFuktard"? you paly like that newb
(54:23 / All) TripleOG: english?
(54:26 / Allies) Goku-: mass tanks purple
(54:30 / All) Drayen': Yes that's English
(54:31 / All) NFL-PAWN-NBA: ya that made no sense lawl
(54:33 / All) Drayen': Are you from Brazil?
(54:33 / Allies) Goku-: that will have us win
(54:34 / Allies) Goku-: mb
(54:50 / All) TripleOG: if any1 else understood
(54:52 / All) Drayen': How did that not make sense other than I didn't put "are you"
(54:53 / All) TripleOG: plz feel free 2 inform
(55:00 / All) Goku-: you know
(55:05 / All) Goku-: if you think he gonna lose this
(55:06 / All) Goku-: just leave
(55:08 / All) Drayen': SuperHuman and SoManyFuktard are one user with two different usernames
(55:09 / All) NFL-PAWN-NBA: shall we commence with the mexican standoff
(55:14 / All) Drayen': I asked if you were on a new smurf account
(55:15 / All) Drayen': DURRR
(55:23 / All) NFL-PAWN-NBA: listen up. yes pink was right
(55:24 / All) Drayen': Average IQ is 55 up in this bitch
(55:26 / All) TripleOG: u sound real dumb
(55:27 / All) NFL-PAWN-NBA: me and purp are friends
(55:31 / All) Drayen': yellow and green lowering it for everyone
(55:34 / All) TripleOG: kind of dumb that should of got aborted
(55:41 / All) TripleOG: kind of dumb that flunked college
(55:43 / All) NFL-PAWN-NBA: person who leaves wc3 on longest wins
(55:47 / All) Goku-: lol
(55:49 / All) Drayen': I lay the pipe on your mom good enough
(55:56 / All) Drayen': I pound her like I pound you
(56:06 / All) TripleOG: nigga u not even doing anything
(56:18 / All) Drayen': that's cuz I molested all of your troops
(56:25 / All) Drayen': You got molested worse than your gay dad ever did ya
(56:34 / All) TripleOG: ur trash talk
(56:36 / All) TripleOG: is weak af
(56:43 / All) Goku-: nice tk purple
(56:46 / All) NFL-PAWN-NBA: who
(56:48 / All) Drayen': That's what you said to ur dad too
(56:54 / All) Goku-: ?
(57:04 / All) Drayen': "cmon dad no dirty talk I only liked fucking black men"
(57:10 / All) Goku-: purp just tk oj blade
(57:11 / All) Goku-: zz
(57:23 / All) TripleOG: purp just wait it out pretty soon yellow kills himself
(57:24 / All) NFL-PAWN-NBA: and im tking myself too friend
(57:26 / All) TripleOG: and u can end him
(57:34 / All) Goku-: not that i can see it friend
(58:01 / All) Goku-: yellow how much gold do you have?
(58:07 / All) Goku-: just curious
(58:12 / All) NFL-PAWN-NBA: only 11k
(58:19 / All) Goku-: ah purple only has 10k
(58:24 / All) Drayen': 10.8
(58:30 / All) NFL-PAWN-NBA: we usually get like 30k+ a pop
(58:33 / All) Goku-: w.e
(58:38 / All) NFL-PAWN-NBA: this game was not very good.
(58:39 / All) Goku-: Ah
(58:43 / All) Goku-: clearly
(58:47 / All) Drayen': 11k officially now
(58:50 / All) NFL-PAWN-NBA: he has record, like 200K+ gold in legit game
(58:54 / All) TripleOG: yellow u can resume killing urself
(58:56 / All) NFL-PAWN-NBA: ive only gotten like 70k
(58:57 / All) Goku-: "legit"
(59:10 / All) NFL-PAWN-NBA: legit meaning players that never left.
(59:13 / All) NFL-PAWN-NBA: dont feel too ashamed guys
(59:16 / All) NFL-PAWN-NBA: we are pro
(59:27 / All) Goku-: pro at massing towers
(59:28 / All) Goku-: np
(59:28 / All) NFL-PAWN-NBA: he is the man in the relationship and im teh gurl
(59:40 / All) Goku-: kodos and wearefoals ye?
(59:43 / All) NFL-PAWN-NBA: will u stay in game all night blue?
(59:51 / All) Goku-: meh
(59:52 / All) Goku-: mb not
(59:59 / All) NFL-PAWN-NBA: u cant let green and pink win
(60:00 / All) Goku-: this was kinda fun though
(60:01 / All) NFL-PAWN-NBA: they are arrogant pricks
(60:15 / All) TripleOG: im not stayin all night just wanna see yellow lose
(60:27 / All) NFL-PAWN-NBA: aint gonna happen, we and purp are leaving game in like 5 min
(60:30 / All) NFL-PAWN-NBA: me*
(60:34 / All) TripleOG: its happening
(61:02 / All) NFL-PAWN-NBA: standoff done my side no untis
(61:10 / All) Drayen': 12k!
(61:11 / All) TripleOG: kill ur hero
(61:27 / All) NFL-PAWN-NBA: ill buy zepplins so green and pink can use
(61:32 / All) NFL-PAWN-NBA: gay
(61:33 / All) Drayen': bad luck mate
(61:35 / All) NFL-PAWN-NBA: looks like
(61:38 / All) NFL-PAWN-NBA: purp wins
(61:55 / All) NFL-PAWN-NBA: i just killed my last
(61:57 / All) NFL-PAWN-NBA: shit
(62:03 / All) Drayen': I still have my full army
(62:11 / All) TripleOG: gg
(62:18 / All) NFL-PAWN-NBA: was fun owning green
(62:23 / All) NFL-PAWN-NBA: i had perfect tp staff on his panda
(62:25 / All) TripleOG: u didnt own me doe
(62:29 / All) TripleOG: u just made me play 3v4
(62:32 / All) TripleOG: lol
(62:50 / All) NFL-PAWN-NBA: unsuccessfully 3v4 might i add
(62:52 / All) Drayen': green is 4-3
(62:55 / All) Drayen': what a shitty rec
(63:08 / All) TripleOG: yup leavers bruh i aint playin that shiet
(63:23 / All) NFL-PAWN-NBA: red is skillfully using his last zepp
(63:48 / All) TripleOG: thats what u get faggot
(63:54 / All) TripleOG: play a rts 2 play a mmo
(63:55 / All) TripleOG: LOL
(63:56 / All) NFL-PAWN-NBA: lawl
(64:13 / All) NFL-PAWN-NBA: purple is the mad and im the girl
(64:43 / All) Drayen': knight teleported to barracks lawl
(64:49 / All) Drayen': I've never used that without a hall
(66:17 / All) Drayen': RUN RUNNER
(66:29 / All) NFL-PAWN-NBA: best cyberpunk movie- balde runner
(66:37 / All) NoName: purp doesnt keep his word.
(66:44 / All) NFL-PAWN-NBA: how
(66:47 / All) Drayen': what do you mean
(66:52 / All) NFL-PAWN-NBA: his team left, means we gotta lose
(66:59 / All) Drayen': what do you mean when u nod ur head yeah but u tell me to go what do u mean